 Dungeon Crawl Stone Soup version 0.28.0 (webtiles) character file.

Game seed: 453351529358354545

105 Akaron the Insei (level 4, -7/28 HPs)
             Began as an Octopode Transmuter on Feb 13, 2022.
             Splashed by a jelly's acid (8 damage)
             ... on level 4 of the Dungeon.
             The game lasted 00:04:55 (4130 turns).

Akaron the Insei (Octopode Transmuter)              Turns: 4130, Time: 00:04:57

Health: -7/28      AC: -3    Str:  9    XL:     4   Next: 81%
Magic:  6/7        EV: 13    Int: 15    God:
Gold:   123        SH:  0    Dex: 14    Spells: 1/7 levels left

rFire   . . .      SeeInvis .     - Unarmed
rCold   . . .      Faith    .   (no shield)
rNeg    + . .      Spirit   .   (helmet currently unavailable)
rPois   .          Reflect  .   (no amulet)
rElec   .          Harm     .   e - ring of positive energy
rCorr   .          Rampage  .   (no ring)
Will    .....                   (no ring)
Stlth   +++.......              (no ring)
HPRegen 0.09/turn               (no ring)
MPRegen 0.10/turn               (no ring)
                                (no ring)
                                (no ring)

@: appendages, corroded
A: tentacle spike 3, almost no armour, amphibious, 8 rings, camouflage 1,
gelatinous body 1, (nimble swimmer 1), tentacles
a: End Transformation


You were on level 4 of the Dungeon.
One of your tentacles had grown a beastly spike.
You visited 1 branch of the dungeon, and saw 4 of its levels.

You collected 123 gold pieces.

Inventory:

Jewellery
 e - a ring of positive energy (left tentacle)
Scrolls
 a - 2 scrolls of identify {unknown}
 d - a scroll of teleportation {unknown}
Potions
 b - a potion of resistance {unknown}
 c - a potion of heal wounds {unknown}
 f - a potion of haste {unknown}
 g - 2 potions of curing {unknown}
 h - 3 potions of magic {unknown}
 i - a potion of might {unknown}


   Skills:
 + Level 1.0 Fighting
 + Level 2.2 Dodging
 + Level 1.9 Stealth
 + Level 3.6 Unarmed Combat
 + Level 2.4 Spellcasting
 + Level 2.8 Transmutations
 * Level 2.1 Poison Magic


You had one spell level left.
You knew the following spells:

 Your Spells              Type           Power      Damage    Failure   Level
a - Beastly Appendage     Tmut           20%        N/A       6%          1
b - Wereblood             Tmut           10%        N/A       10%         2
c - Spider Form           Tmut/Pois      9%         N/A       22%         3

Your spell library contained the following spells:

 Spells                   Type           Power      Damage    Failure   Level
 Magic Dart               Conj           4%         1d3       22%         1
 Blink                    Tloc           2%         N/A       32%         2
 Searing Ray              Conj           2%         2d4       32%         2
 Lesser Beckoning         Tloc           1%         N/A       54%         3
 Ice Form                 Ice/Tmut       6%         N/A       75%         4
 Fulminant Prism          Conj/Hex       0%         3d6       91%         4
 Manifold Assault         Tloc           1%         N/A       99%         5


Dungeon Overview and Level Annotations

Branches:
Dungeon (4/15)
 Temple: D:4-7

Altars:

Annotations:
D:3 3 runed translucent doors, BorgnjorsVileCrotch's ghost, weakling VSFi


Innate Abilities, Weirdness & Mutations

One of your tentacles has grown a beastly spike.
You cannot wear most types of armour.
You are amphibious.
You can wear up to eight rings at the same time.
Your skin changes colour to match your surroundings (Stealth+).
Your rubbery body absorbs attacks. (AC +1, EV +1)
((You are camouflaged when in or above water. (Stealth+)))
You have tentacles for arms and can constrict up to eight enemies at once.


Message History

Press: ? - help, v - describe, . - travel A stone staircase leading up.
One of your tentacles grows a vicious spike.
The helpless endoplasm fails to defend itself.
You tentacle-slap the endoplasm.
The endoplasm is moderately wounded.
The endoplasm barely misses you.
You tentacle-slap the endoplasm but do no damage.
You pierce the endoplasm.
The endoplasm is severely wounded.
The endoplasm hits you.
You completely miss the endoplasm.
Your tentacle spike misses the endoplasm.
The endoplasm is heavily wounded.
The endoplasm misses you.
You tentacle-slap the endoplasm.
You kill the endoplasm!
No target in view!
Magic restored.
Your transformation is almost over.
You now have 123 gold pieces (gained 11).
Your tentacle spike disappears.
A jelly is nearby!
The jelly hits you.
You are splashed with acid!
You tentacle-slap the jelly.
Your tentacles burn!
You squeeze the jelly, but do no damage.
The jelly is moderately wounded.
The jelly misses you.
One of your tentacles grows a vicious spike.
The jelly hits you.
You are splashed with acid!
* * * LOW HITPOINT WARNING * * *
You are too injured to fight recklessly!
You are too injured to fight recklessly!
You tentacle-slap the jelly. The acid corrodes you!
Your tentacles burn!
* * * LOW HITPOINT WARNING * * *
The jelly is heavily wounded.
The jelly hits you.
* * * LOW HITPOINT WARNING * * *
You are splashed with acid!
You die...

.......<.......#
.............#.#
##.......#####
#.......#
#.#####.# #. #.#
#. ##.##
######.####.#.##
......J@...###.#
.......####.#.##
..##### ##.##
### #... #..#
#..# #.J# #..#


You could see a jelly.

Vanquished Creatures
  An orc priest (D:4)
  An adder (D:2)
  3 worms
  2 orcs
  7 ball pythons
  6 endoplasms
  A giant cockroach (D:1)
  3 hobgoblins
  2 jackals (D:2)
  2 quokkas
  6 bats
  4 frilled lizards
  7 goblins
  5 kobolds
  6 rats
56 creatures vanquished.

Notes
Turn   | Place    | Note
-------+----------+-------------------------------------------
     0 | D:1      | Akaron the Octopode Transmuter began the quest for the Orb.
     0 | D:1      | Reached XP level 1. HP: 13/13 MP: 3/3
   297 | D:1      | Reached XP level 2. HP: 14/18 MP: 3/5
   300 | D:1      | Learned a level 2 spell: Wereblood
   360 | D:1      | Found a faded altar of an unknown god.
  1179 | D:1      | Reached skill level 1 in Poison Magic
  1179 | D:1      | Reached XP level 3. HP: 23/23 MP: 4/6
  1183 | D:1      | Learned a level 3 spell: Spider Form
  2770 | D:3      | Found a runed translucent gate.
  2772 | D:3      | Found a runed translucent gate.
  2773 | D:3      | Noticed BorgnjorsVileCrotch's ghost (weakling VSFi)
  2774 | D:3      | Found a runed translucent gate.
  2776 | D:3      | Noticed a kobold brigand
  2826 | D:3      | Reached skill level 1 in Stealth
  2826 | D:3      | Reached XP level 4. HP: 28/28 MP: 7/7
  3772 | D:4      | HP: 1/28 [water moccasin skeleton (6)]
  4130 | D:4      | HP: 1/28 [jelly (2)]
  4130 | D:4      | Splashed by a jelly's acid

Illustrated notes

Levels and vault maps discovered:
D:1:      dpeg_arrival_rhombi, layout_basic, ebering_ecumenical_altar_petrified
D:2:      layout_loops_ring, serial_glass, glass_columns_b, glass_columns_a,
          feat_on_display
D:3:      layout_loops_cross, gammafunk_ghost_nasty_kobolds,
          kennysheep_generic_room_11
D:4:      layout_loops_ring, gup_sewer_entry_spiral, lemuel_old_faithful,
          uniq_crazy_yiuf_cottage, uniq_duvessa

Skill      XL: |  1  2  3  4 |
---------------+-------------+-----
Poison Magic   | 1 2 |  2.1
Stealth        | 1 |  1.9
Fighting       | |  1.0
Dodging        | |  2.2
Unarmed Combat | |  3.6
Spellcasting   | |  2.4
Transmutations | |  2.8

Action                   |  1- 3 |  4- 6 || total
-------------------------+-------+-------++-------
Melee: Unarmed           |    79 |    37 ||   116
       Constrict         |    26 |     8 ||    34
       Kick              |    24 |     7 ||    31
       Tentacles         |    12 |    10 ||    22
       Punch             |     5 |     2 ||     7
 Cast: Beastly Appendage |    35 |    14 ||    49
       Wereblood         |     1 |       ||     1
 Stab: Sleeping          |     8 |     5 ||    13
Armor: Skin              |    10 |     1 ||    11
Dodge: Dodged            |    42 |    17 ||    59
